 Dungeon Crawl Stone Soup version 0.30-a0-404-g0b3c3f4973 (webtiles) character file.

Game seed: 5866244169222772013

1406514 PanSaczeczos the Cloud Mage (level 27, 179/179 HPs)
             Began as a Tengu Air Elementalist on Dec 6, 2022.
             Was the Champion of Vehumet.
             Escaped with the Orb
             ... and 3 runes on Dec 7, 2022!
             The game lasted 04:29:27 (113573 turns).

PanSaczeczos the Cloud Mage (TeAE)                Turns: 113573, Time: 04:29:28

Health: 179/179    AC: 14    Str:  9    XL:     27
Magic:  54/60      EV: 33    Int: 38    God:    Vehumet [******]
Gold:   2102       SH: 15    Dex: 24    Spells: 1/70 levels left

rFire   + + +      SeeInvis .    a - staff of air
rCold   + + +      Faith    .    N - +0 kite shield {reflect}
rNeg    . . .      Spirit   .    X - +2 robe {Archmagi}
rPois   +          Reflect  +    p - +3 hat of Pondering {ponderous, Will+ MP+10 Int+5}
rElec   +          Harm     .    Q - +2 cloak {rCorr}
rCorr   +          Rampage  .    O - +2 pair of gloves {Dex+3}
Will    +++..      Archmagi +    (boots unavailable)
Stlth   +.........               x - amulet of Reimbursement {rF++ Regen+ Stlth-}
HPRegen 1.29/turn                P - ring "Ibbogemp" {rPois rC+++ Slay+3}
MPRegen 0.37/turn                K - ring "Soupilobb" {rF+ Int+6 Dex+4, =R}

@: flying quickly and evasively, hasted, studying Axes, very quick
A: beak, talons 3, nimble flight, deterioration 1
0: Orb of Zot
}: 3/15 runes: decaying, serpentine, slimy
a: Renounce Religion


You escaped.
You worshipped Vehumet.
Vehumet was exalted by your worship.
You visited 12 branches of the dungeon, and saw 56 of its levels.
You visited 1 bazaar.
You also visited: Bailey, Gauntlet, Ice Cave and Desolation.

You collected 7641 gold pieces.
You spent 5539 gold pieces at shops.

Inventory:

Hand Weapons
 b - the +1 rapier "Cevugguc" {freeze, rF+ rN+ Int+4}
   (You took it off a ragged hierophant in the Desolation of Salt)

   It freezes those it strikes, dealing additional cold damage.
   It can also slow down cold-blooded creatures.
   Int:       It affects your intelligence (+4).
   rF:        It protects you from fire.
   rN:        It protects you from negative energy.
Missiles
 n - 3 throwing nets {!f}
 B - 16 curare-tipped darts
Armour
 p - the +3 hat of Pondering (worn) {ponderous, Will+ MP+10 Int+5}
   (You found it in the Desolation of Salt)

   Int:       It affects your intelligence (+5).
   MP:        It affects your magic capacity (+10).
   Will:      It increases your willpower.
 t - quicksilver dragon scales
 N - a +0 kite shield of reflection (worn)
 O - a +2 pair of gloves of dexterity (worn)
 Q - a +2 cloak of preservation (worn)
 X - a +2 robe of the Archmagi (worn)
Magical Staves
 a - a staff of air (weapon)
 e - a staff of conjuration
 M - a staff of cold
 U - a staff of fire
Jewellery
 i - the ring "Damnable Contraption" {rElec rC+ Will+ Dex+4}
   (You took it off a servant of whispers in the Desolation of Salt)

   [ring of protection from cold]

   Dex:       It affects your dexterity (+4).
   rC:        It protects you from cold.
   rElec:     It insulates you from electricity.
   Will:      It increases your willpower.
 o - a ring of see invisible
 x - the amulet of Reimbursement (around neck) {rF++ Regen+ Stlth-}
   (You found it on level 10 of the Dungeon)

   [amulet of regeneration]

   rF:        It greatly protects you from fire.
   Regen:     It increases your rate of health regeneration.
   Stlth:     It makes you less stealthy.
 z - the ring of Socaalin {Will+ Dex+3}
   (You took it off a centaur warrior on level 10 of the Dungeon)

   [ring of willpower]

   Dex:       It affects your dexterity (+3).
   Will:      It increases your willpower.
 K - the ring "Soupilobb" (right hand) {rF+ Int+6 Dex+4, =R}
   (You found it on level 10 of the Dungeon)

   [ring of intelligence]

   Int:       It affects your intelligence (+6).
   Dex:       It affects your dexterity (+4).
   rF:        It protects you from fire.
 P - the ring "Ibbogemp" (left hand) {rPois rC+++ Slay+3}
   (You bought it in a shop on level 12 of the Dungeon)

   [ring of poison resistance]

   Slay:      It affects your accuracy & damage with ranged weapons and melee
   (+3).
   rC:        It renders you almost immune to cold.
   rPois:     It protects you from poison.
Wands
 d - a wand of polymorph (21)
 h - a wand of roots (61)
 k - a wand of digging (22)
 m - a wand of flame (66)
 q - a wand of charming (74)
 w - a wand of light (23)
 L - a wand of mindburst (6)
Scrolls
 c - 7 scrolls of poison {!r}
 f - a scroll of magic mapping {!r}
 r - 2 scrolls of amnesia {!r}
 y - 7 scrolls of fear {!r}
 D - 8 scrolls of blinking {!r}
 G - 11 scrolls of butterflies {!r}
 I - 3 scrolls of silence {!r}
 W - 12 scrolls of teleportation {!r}
 Z - 6 scrolls of summoning {!r}
Potions
 g - 4 potions of ambrosia
 j - 28 potions of curing
 l - 10 potions of resistance
 u - 13 potions of mutation
 v - a potion of cancellation
 A - 8 potions of brilliance
 C - 7 potions of lignification
 E - 12 potions of might {@q3}
 H - 14 potions of heal wounds
 R - 5 potions of invisibility
 S - a potion of magic
 V - 2 potions of haste
 Y - 12 potions of berserk rage
Miscellaneous
 s - a condenser vane
 F - a lightning rod (4/4)
 J - a phantom mirror
 T - a tin of tremorstones (2/2)


   Skills:
 + Level 19.9 Fighting
 - Level 4.0 Short Blades
 - Level 6.0 Armour
 - Level 18.3 Dodging
 - Level 7.0 Stealth
 - Level 15.0 Shields
 - Level 22.0 Spellcasting
 - Level 22.0 Conjurations
 + Level 16.8 Summonings
 - Level 4.0 Translocations
 - Level 8.0 Transmutations
 - Level 8.0 Fire Magic
 - Level 8.0 Ice Magic
 + Level 26.6 Air Magic
 - Level 12.0 Poison Magic
 - Level 4.0 Evocations


You had one spell level left.
You knew the following spells:

 Your Spells              Type           Power      Damage    Failure   Level
a - Shock                 Conj/Air       100%       1d9       0%          1
b - Spellforged Servitor  Conj/Summ      68%        N/A       1%          7
c - Iskenderun's Mystic   Conj/Tloc      100%       2d19      1%          4
d - Eringya's Noxious Bo  Tmut/Pois      54%        N/A       1%          6
e - Summon Forest         Summ/Tloc      55%        N/A       1%          5
g - Ignite Poison         Fire/Tmut/Pois 100%       N/A       1%          3
h - Freezing Cloud        Conj/Ice/Air   80%        6-21      0%          5
i - Irradiate             Conj/Tmut      62%        3d32      1%          5
j - Maxwell's Capacitive  Air            89%        ∞         1%          8
k - Chain Lightning       Conj/Air       87%        3d116     1%          9
l - Lightning Bolt        Conj/Air       87%        1d115     0%          5
o - Olgreb's Toxic Radia  Pois           100%       N/A       1%          4
q - Orb of Destruction    Conj           71%        9d16      1%          7

Your spell library contained the following spells:

 Spells                   Type           Power      Damage    Failure   Level
 Foxfire                  Conj/Fire      100%       2x1d9     0%          1
 Kiss of Death            Conj/Necr      100%       2d13      0%          1
 Magic Dart               Conj           100%       1d8       0%          1
 Freeze                   Ice            100%       1d10      1%          1
 Necrotise                Necr           100%       1d9       1%          1
 Call Imp                 Summ           100%       N/A       0%          2
 Cigotuvi's Dreadful Rot  Necr/Pois/Air  100%       N/A       0%          2
 Momentum Strike          Conj/Tloc      100%       3d10      0%          2
 Poisonous Vapours        Pois/Air       100%       N/A       0%          2
 Static Discharge         Conj/Air       100%       2-7/arc   0%          2
 Call Canine Familiar     Summ           100%       N/A       0%          3
 Hailstorm                Conj/Ice       100%       3d20      0%          3
 Mephitic Cloud           Conj/Pois/Air  100%       N/A       0%          3
 Swiftness                Air            100%       N/A       0%          3
 Vhi's Electric Charge    Tloc/Air       100%       N/A       0%          3
 Airstrike                Air            89%        2d(13-29) 0%          4
 Flame Wave               Conj/Fire      100%       2d21      0%          4
 Arcjolt                  Conj/Air       87%        1d97      0%          5
 Iskenderun's Battlesphe  Conj           100%       2d15      0%          5
 Conjure Ball Lightning   Conj/Air       87%        3x3d34    0%          6
 Blink                    Tloc           100%       N/A       1%          2
 Ensorcelled Hibernation  Hex/Ice        100%       N/A       1%          2
 Passwall                 Tmut/Erth      69%        N/A       1%          2
 Scorch                   Fire           100%       2d10      1%          2
 Sublimation of Blood     Necr           58%        N/A       1%          2
 Dazzling Flash           Conj/Hex       100%       N/A       1%          3
 Frozen Ramparts          Ice            100%       1d16      1%          3
 Gell's Gravitas          Tloc           83%        N/A       1%          3
 Inner Flame              Hex/Fire       83%        N/A       1%          3
 Lesser Beckoning         Tloc           100%       N/A       1%          3
 Ozocubu's Armour         Ice            100%       N/A       1%          3
 Portal Projectile        Hex/Tloc       100%       N/A       1%          3
 Summon Guardian Golem    Hex/Summ       100%       N/A       1%          3
 Teleport Other           Tloc           83%        N/A       1%          3
 Ice Form                 Ice/Tmut       100%       N/A       1%          4
 Manifold Assault         Tloc           83%        N/A       1%          4
 Passage of Golubria      Tloc           83%        N/A       1%          4
 Petrify                  Tmut/Erth      83%        N/A       1%          4
 Summon Ice Beast         Ice/Summ       100%       N/A       1%          4
 Alistair's Intoxication  Tmut/Pois      72%        N/A       1%          5
 Blade Hands              Tmut           50%        N/A       1%          5
 Fireball                 Conj/Fire      62%        3d24      1%          5
 Silence                  Hex/Air        72%        N/A       1%          5
 Starburst                Conj/Fire      62%        6d16      1%          6
 Summon Cactus Giant      Summ           65%        N/A       1%          6
 Storm Form               Tmut/Air       78%        N/A       1%          7
 Summon Hydra             Summ           65%        N/A       1%          7
 Confusing Touch          Hex            58%        N/A       3%          3
 Tukima's Dance           Hex            58%        N/A       3%          3
 Vampiric Draining        Necr           58%        2d10      3%          3
 Metabolic Englaciation   Hex/Ice        41%        N/A       5%          5
 Ozocubu's Refrigeration  Ice            50%        4d18      9%          7
 Anguish                  Hex/Necr       29%        N/A       10%         4
 Cause Fear               Hex            29%        N/A       10%         4
 Dispel Undead            Necr           58%        3d21      10%         4
 Leda's Liquefaction      Hex/Erth       29%        N/A       10%         4
 Lehudib's Crystal Spear  Conj/Erth      56%        10d13     19%         8
 Agony                    Necr           58%        N/A       28%         5
 Borgnjor's Vile Clutch   Necr/Erth      29%        N/A       28%         5
 Dispersal                Tloc           41%        N/A       30%         6
 Simulacrum               Ice/Necr       41%        N/A       30%         6
 Dragon Form              Tmut           50%        N/A       32%         7
 Fire Storm               Conj/Fire      62%        8d16      45%         9
 Ignition                 Fire           50%        3d14      50%         8
 Dragon's Call            Summ           65%        N/A       71%         9
 Death Channel            Necr           29%        N/A       83%         6
 Borgnjor's Revivificati  Necr           29%        N/A       100%        8
 Discord                  Hex            29%        N/A       100%        8
 Necromutation            Tmut/Necr      41%        N/A       100%        8
 Death's Door             Necr           29%        N/A       100%        9
 Shatter                  Erth           29%        3d24*     100%        9


Dungeon Overview and Level Annotations

Branches:
Dungeon (15/15)            Temple (1/1) D:5            Lair (5/5) D:10
  Swamp (4/4) Lair:3        Snake (4/4) Lair:2        Slime (5/5) Lair:5
    Orc (2/2) D:10            Elf (3/3) Orc:2        Vaults (5/5) D:13
  Crypt (3/3) Vaults:3       Tomb (0/3) Crypt:3      Depths (4/4) D:15
    Zot (5/5) Depths:4     Bailey (visited)           IceCv (visited)
Desolation (visited)      Gauntlet (visited)

Altars:
Ashenzari
Cheibriados
Dithmenos
Elyvilon
Fedhas
Gozag
Hepliaklqana
Kikubaaqudgha
Makhleb
Nemelex Xobeh
Okawaru
Qazlal
Ru
Sif Muna
Trog
Uskayaw
Vehumet
Wu Jian
Xom
Yredelemnul
Zin
The Shining One
Jiyva

Shops:
D:3 !*   D:4 (   D:10 (   D:11 [   D:12 =   Orc:2 ::[(   Elf:3 :*[   Snake:1 [(
Vaults:1 =   Vaults:3 [

Portals:
Hell: Depths:1 Depths:2 Depths:3 Depths:4
Abyss: Depths:1 Depths:3
Pandemonium: Depths:2
Ziggurat: Depths:3

Annotations:
D:3 1 runed translucent door, exclusion: door, Crazy Yiuf
D:12 1 runed translucent door, exclusion: door, NoAnimeNoLife's ghost, journeyman MiFi
D:13 1 runed translucent door, exclusion: door
Lair:2 3 runed translucent doors, exclusion: 3 doors, PanSaczeczos's ghost, journeyman AtAr
Swamp:2 exclusion: 2 oklob plants
Swamp:3 Roxanne
Elf:2 3 runed translucent doors, exclusion: 3 doors
Vaults:4 36 runed doors, exclusion: 36 doors
Crypt:1 1 runed translucent door, Dassydak's ghost, adept GrFi
Depths:1 1 runed translucent door, Jaamarergh's ghost, adept DECA
Zot:3 2 transporters, Suab's ghost, veteran MeRe


Innate Abilities, Weirdness & Mutations

You have a beak for a mouth.
You have claws for feet.
Your magical nature lets you fly swiftly and evasively.
Your body sometimes deteriorates upon taking damage.


Message History

Level annotation: 1 runed translucent door, exclusion: door, Crazy Yiuf
There is a stone staircase leading down here.
(D) Dungeon (T) Temple (L) Lair (S) Swamp (P) Snake Pit (M) Slime Pits (O) Orcish Mines (E) Elven Halls (V) Vaults (C) Crypt (W) Tomb (U) Depths (H) Hell (Z) Zot
Where to? (Enter - D:1 @ (x,y), ? - help)
What level of the Dungeon? (default 1, ? - help)
You see here a +0 plate armour.
Things that are here:
a +0 robe; a +0 dagger
There is a stone staircase leading up here.
You fly upwards.
There is a stone staircase leading down here.
There is an escape hatch in the ceiling here.
Really go through this one-way escape hatch?
Okay, then.
(D) Dungeon (T) Temple (L) Lair (S) Swamp (P) Snake Pit (M) Slime Pits (O) Orcish Mines (E) Elven Halls (V) Vaults (C) Crypt (W) Tomb (U) Depths (H) Hell (Z) Zot
Where to? (Enter - D:1 @ (x,y), ? - help)
What level of the Dungeon? (default 1, ? - help) Really go through this one-way escape hatch?
A mysterious force pulls you upwards. The hatch slams shut behind you.
Unknown command.
You feel yourself speed up.
Unknown command.
Unknown command.
Aiming: Dig
Press: ? - help, Shift-Dir - straight line A rock wall.
This square is covered in magical glow.
The rock shatters into small pieces.
Unknown command.
An Orb Guardian comes into view.
An Orb Guardian is nearby!
An Orb Guardian is nearby!
There is a staircase leading out of the dungeon here.
You have escaped!

#················####·###
#··················##·##·
#······#################·
#·····##·### #·
#·····#····##### ##·
##····##··##···# ###··
##··##········## ###····
####····##····###···#··
#·@·#####·······##··
#···### ##····##···#
##····###·········##
##···X······#######
###··············#
########··###····
#·····##··###·#··
#·····##···##·##·
#·····##···##····


You could see an Orb Guardian.

Vanquished Creatures
  the Royal Jelly (Slime:5)
  A pandemonium lord (D:5)
  4 ancient liches (Zot:5)
  2 dread liches (Zot:5)
  6 orbs of fire (Zot:5)
  2 royal mummies (Depths:3)
  Vv (Depths:2)
  Boris (Depths:3)
  4 Killer Klowns (Zot:5)
  the Lernaean hydra (Swamp:4)
  2 curse toes
  A caustic shrike (Depths:2)
  A bone dragon (Crypt:3)
  A profane servitor (Crypt:3)
  8 golden dragons
  2 shard shrike zombies (Crypt:1)
  2 electric golems (Zot:5)
  Jorgrun (D:13)
  12 tentacled monstrosities
  3 liches
  26 Orb Guardians
  8 quicksilver dragons
  A titan (Vaults:5)
  A deep elf blademaster (Elf:3)
  2 deep elf master archers (Elf:3)
  16 acid blobs
  8 ancient champions
  The ghost of Angani the Alchemist, an adept DrWr of Elyvilon (Swamp:2)
  9 death cobs
  3 tengu reavers
  Agnes (D:14)
  2 sphinxes
  7 shadow dragons
  3 thorn hunters
  16 rockslimes
  3 revenants
  6 storm dragons
  2 fire giants (Depths:2)
  11 azure jellies
  6 draconian knights
  7 draconian monks
  12 nagarajas
  A fenstrider witch (Swamp:4)
  2 daevas
  7 frost giants
  14 vault wardens
  8 deep elf sorcerers (Elf:3)
  5 draconian scorchers
  An imperial myrmidon (Desolation)
  A cacodemon (D:4)
  2 ghost moths
  6 draconian shifters
  An iron dragon (Vaults:5)
  A draconian stormcaller (Zot:4)
  A reaper (D:4)
  14 stone giants
  A balrug (Depths:3)
  A juggernaut zombie (Crypt:2)
  18 very ugly things
  7 deep elf elementalists
  7 quicksilver oozes
  11 draconian annihilators
  3 ghouls
  A curse skull (Crypt:3)
  A quicksilver ooze (shapeshifter) (Depths:3)
  20 ironbound preservers
  3 orc warlords
  2 juggernaut skeletons
  A war gargoyle (Vaults:3)
  8 vampire knights
  2 caustic shrike skeletons (Crypt:2)
  6 ironbound thunderhulks
  14 green draconians
  6 eleionomae
  7 black draconians
  8 deep elf demonologists
  16 dire elephants
  Nessos (D:15)
  3 spark wasps (Depths:2)
  A bunyip (Swamp:3)
  A minotaur (Gauntlet)
  2 deep elf annihilators (Elf:3)
  11 red draconians
  15 white draconians
  11 yellow draconians
  13 purple draconians
  2 eidola (Crypt:2)
  4 deep elf death magi
  Josephine (Lair:5)
  A mummy priest (Depths:3)
  14 jiangshi
  A crystal guardian (Desolation)
  13 fire dragons
  11 ettins
  A merfolk impaler (Depths:1)
  6 ragged hierophants (Desolation)
  13 yaktaur captains
  8 servants of whispers (Desolation)
  Harold (D:9)
  5 rakshasas
  7 great orbs of eyes
  27 vault guards
  2 salamander tyrants
  21 hydras
  14 anacondas
  10 ice dragons
  5 peacekeepers
  7 death knights
  A bennu zombie (Crypt:2)
  2 spriggan air magi
  A hell beast (Depths:2)
  A jorogumo (shapeshifter) (Depths:4)
  6 boulder beetles
  21 centaur warriors
  5 ironbound frosthearts
  6 ghost crabs
  4 two-headed ogres
  18 dancing weapons
  10 alligators
  A juggernaut simulacrum (Depths:2)
  5 deep troll shamans
  6 deep troll earth magi
  3 vampire magi
  14 death yaks
  10 shock serpents
  3 orc high priests
  11 naga warriors
  5 tengu warriors
  9 hell knights
  15 naga sharpshooters
  4 spriggan berserkers
  Urug (Lair:5)
  16 spriggans
  The ghost of Verendum the Martial Artist, a novice OpTm of Cheibriados (D:7)
  A titan skeleton (Depths:2)
  3 sixfirhies
  A soul eater (Crypt:1)
  12 deep elf knights
  Lodul (D:13)
  An iron troll (Depths:4)
  2 salamander mystics (Snake:4)
  6 shadow wraiths
  29 skeletal warriors
  2 goliath frogs
  11 glowing orange brains
  A quicksilver dragon simulacrum (Crypt:2)
  61 deep trolls
  7 spriggan druids
  12 bog bodies
  A glowing orange brain (shapeshifter) (Depths:1)
  6 swamp dragons
  A golden dragon skeleton (Crypt:2)
  2 flayed ghosts
  3 wizards
  8 naga ritualists
  21 ironbound convokers
  29 deep elf pyromancers
  An anaconda zombie (Crypt:1)
  A harpy (shapeshifter) (D:15)
  11 orc knights
  8 phantasmal warriors
  9 lindwurms
  28 deep elf zephyrmancers
  24 deep elf archers
  8 necromancers
  12 mana vipers
  5 harpies (Vaults:1)
  24 ugly things
  A sphinx skeleton (Crypt:2)
  5 cyclopes
  A manticore (D:12)
  4 will-o-the-wisps
  13 moths of wrath
  5 orc sorcerers
  11 shining eyes
  A naga zombie (Crypt:1)
  20 salamanders
  10 elephants
  5 apocalypse crabs (Swamp:1)
  Joseph (D:8)
  43 black mambas
  Maurice (D:8)
  2 torpor snails
  4 guardian serpents
  2 eyes of devastation (Slime:2)
  A gargoyle (D:12)
  12 vault sentinels
  6 cane toads
  Maggie (D:7)
  An eye of devastation (shapeshifter) (Vaults:1)
  11 centaur zombies (D:12)
  2 molten gargoyles (Lair:5)
  A smoke demon (Depths:3)
  A white draconian zombie (Crypt:1)
  A komodo dragon (shapeshifter) (D:15)
  17 naga magi
  10 rime drakes
  2 unseen horrors (shapeshifter)
  3 unseen horrors
  An orange demon (D:4)
  A redback zombie (D:12)
  2 minotaur zombies (Gauntlet)
  A kobold demonologist (D:5)
  An ice devil (Lair:2)
  10 komodo dragons
  Psyche (D:9)
  2 efreet
  2 yaktaurs (shapeshifter)
  31 yaktaurs
  A grey draconian skeleton (Crypt:2)
  3 freezing wraiths
  17 polar bears
  6 tengu conjurers
  A hellwing (Depths:2)
  A hydra zombie (Crypt:2)
  7 trolls
  A moth of wrath zombie (Crypt:2)
  2 trolls (shapeshifter)
  6 tyrant leeches
  21 blink frogs
  3 meliai (D:14)
  20 hornets
  A wolf spider simulacrum (D:15)
  A spectral swamp dragon (Crypt:3)
  Prince Ribbit (Lair:3)
  2 harpy skeletons (Crypt:1)
  A hornet (shapeshifter) (Depths:2)
  Grinder (D:3)
  111 slime creatures
  A fire dragon zombie (Crypt:1)
  12 dream sheep
  33 saltlings (Desolation)
  2 iron dragon simulacra
  42 flying skulls (Crypt:3)
  Sigmund (D:2)
  A fire dragon skeleton (Crypt:2)
  2 small abominations (Crypt:3)
  2 air elementals (Elf:1)
  5 shadows
  11 water elementals
  18 wraiths
  3 fire elementals
  A tyrant leech zombie (Crypt:2)
  7 wyverns
  66 yaks
  16 humans (D:13)
  20 golden eyes
  7 basilisks
  A black mamba skeleton (Crypt:1)
  2 steam dragons
  2 redbacks (shapeshifter)
  6 wargs
  Grum (Lair:1)
  16 vampire mosquitoes
  A harpy simulacrum (Crypt:1)
  3 large abominations
  42 nagas
  18 swamp worms
  2 glowing shapeshifter zombies
  A deep troll zombie (Crypt:1)
  3 acid dragons
  4 hell hounds (Lair:5)
  3 floating eyes
  A nameless horror (Swamp:4)
  14 water moccasins
  Duvessa (D:6)
  A cane toad skeleton (Crypt:2)
  A lindwurm zombie (Crypt:2)
  An ice beast (D:6)
  8 swamp drakes
  A black bear (shapeshifter) (Elf:2)
  A hornet zombie (D:7)
  43 orc warriors
  3 sky beasts (D:8)
  An ettin simulacrum (Crypt:3)
  9 black bears
  10 ogres
  4 boggarts (D:14)
  38 wolves
  16 centaurs
  5 kobold brigands
  2 phantoms
  An earth elemental (Elf:2)
  11 bullfrogs
  4 gnoll sergeants
  5 scorpions
  A water moccasin zombie (D:7)
  A naga simulacrum (Crypt:3)
  9 necrophages
  14 wights
  Dowan (D:6)
  6 killer bees (D:7)
  2 howler monkeys
  9 electric eels
  5 lava snakes (Lair:5)
  8 hounds
  A wolf skeleton (Crypt:1)
  18 orc priests
  2 gnoll boudas (D:8)
  3 jellies
  Terence (D:3)
  6 iguanas
  28 orc wizards
  A boggart zombie (D:12)
  7 hell rats (Lair:4)
  2 troll simulacra (Lair:2)
  2 spriggan simulacra (Lair:2)
  2 killer bee zombies (D:7)
  Robin (D:4)
  12 gnolls
  7 adders
  A river rat (D:3)
  2 shadow imps
  3 white imps
  5 dart slugs
  2 worms
  110 orcs
  6 ball pythons
  4 endoplasms
  6 giant cockroaches
  17 goblins
  11 hobgoblins
  4 jackals (D:3)
  7 quokkas
  4 bats
  2 frilled lizards
  A frilled lizard skeleton (Crypt:1)
  18 kobolds
  8 rats
2530 creatures vanquished.

Vanquished Creatures (collateral kills)
  A royal mummy (Depths:3)
  A Killer Klown (Zot:5)
  2 golden dragons
  An electric golem (Zot:2)
  2 Orb Guardians (Zot:5)
  A thorn hunter (Swamp:2)
  A storm dragon (Zot:4)
  A revenant (Crypt:1)
  2 nagarajas (Snake:4)
  3 deep elf sorcerers (Elf:3)
  A deep elf elementalist (Elf:3)
  2 ghouls (Swamp:2)
  An ironbound thunderhulk (Vaults:1)
  9 very ugly things
  A stone giant (Depths:1)
  A deep elf annihilator (Elf:3)
  A halazid warlock (Desolation)
  A black draconian (Zot:2)
  3 crystal guardians (Desolation)
  A mummy priest (Depths:3)
  2 deep elf death magi (Elf:3)
  2 shambling mangroves
  A peacekeeper (Elf:2)
  2 hydras (Swamp:4)
  A deep elf high priest (Elf:3)
  A rakshasa (Depths:1)
  2 salamander tyrants (Snake:4)
  A dancing weapon (Elf:3)
  A tengu warrior (Depths:1)
  4 naga warriors (Snake:4)
  A sun demon (Depths:2)
  2 hell knights (Depths:1)
  A bog body (Swamp:2)
  6 deep trolls
  A lindwurm (Vaults:4)
  3 swamp dragons (Swamp:4)
  A naga ritualist (Snake:4)
  A deep elf archer (Elf:3)
  An orc knight (Vaults:4)
  2 necromancers (Depths:1)
  A mana viper (Snake:4)
  2 ugly things (Vaults:4)
  2 guardian serpents (Snake:4)
  A moth of wrath (Zot:4)
  A vault sentinel (Vaults:2)
  A smoke demon (Depths:3)
  2 naga magi (Snake:4)
  A hornet (Swamp:2)
  14 saltlings (Desolation)
  10 slime creatures
  A fire elemental (Elf:2)
  2 nagas (Snake:4)
  2 swamp drakes (Swamp:4)
  A necrophage (Swamp:2)
  An earth elemental (Elf:1)
114 creatures vanquished.

Vanquished Creatures (others)
  A nagaraja (Snake:4)
  A deep troll (Vaults:2)
  A wizard (Vaults:4)
  A deep elf zephyrmancer (Elf:1)
  A bush (Swamp:4)
  6 demonic plants (Gauntlet)
  2 foxfires (Swamp:1)
  56 fungi
  155 plants
  16 withered plants
240 creatures vanquished.

Grand Total: 2884 creatures vanquished

Notes
Turn   | Place    | Note
-------+----------+-------------------------------------------
     0 | D:1      | PanSaczeczos the Tengu Air Elementalist began the quest for
                  | the Orb.
     0 | D:1      | Reached XP level 1. HP: 10/10 MP: 4/4
    85 | D:1      | Reached skill level 1 in Fighting
   203 | D:1      | HP: 2/12 [hobgoblin (4)]
   355 | D:1      | Reached XP level 2. HP: 16/16 MP: 1/6
   358 | D:1      | Learned a level 2 spell: Static Discharge
   688 | D:1      | Reached XP level 3. HP: 21/21 MP: 4/7
  1094 | D:2      | Noticed Sigmund
  1535 | D:3      | Noticed Terence
  1535 | D:3      | Found a faded altar of an unknown god.
  1605 | D:2      | Reached XP level 4. HP: 26/26 MP: 4/8
  1790 | D:2      | Learned a level 4 spell: Airstrike
  1882 | D:3      | Found a runed translucent door.
  1883 | D:3      | Noticed Crazy Yiuf
  1935 | D:3      | Found Rofideq's Distillery.
  1943 | D:3      | Bought a potion of curing for 33 gold pieces
  2044 | D:3      | Found a shimmering blue altar of Sif Muna.
  2047 | D:3      | Found a glowing golden altar of the Shining One.
  2540 | D:3      | Killed Terence
  2541 | D:3      | Reached skill level 5 in Air Magic
  2541 | D:3      | Gained mutation: Your magical nature lets you fly swiftly
                  | and evasively. [Tengu growth]
  2541 | D:3      | Reached XP level 5. HP: 29/30 MP: 4/10
  2806 | D:3      | Noticed Grinder
  2859 | D:3      | Found an opulent altar of Gozag.
  2862 | D:3      | Found Gozag's Platinum Reserve.
  3541 | D:4      | Noticed Robin
  3619 | D:4      | Killed Robin
  3801 | D:4      | Learned a level 3 spell: Mephitic Cloud
  3881 | D:4      | Reached XP level 6. HP: 37/37 MP: 9/12
  3953 | D:4      | Found Foysaz Niotz's Antique Weapon Boutique.
  4081 | D:4      | Reached skill level 1 in Poison Magic
  4595 | D:5      | Entered Level 5 of the Dungeon
  4595 | D:5      | Noticed a kobold demonologist
  4771 | D:4      | Reached XP level 7. HP: 23/41 MP: 6/14
  4908 | D:5      | Reached skill level 6 in Air Magic
  4963 | D:5      | Killed a kobold demonologist
  4964 | D:5      | Reached skill level 8 in Air Magic
  5171 | D:5      | Reached XP level 8. HP: 33/48 MP: 4/15
  5645 | D:5      | Reached skill level 5 in Fighting
  5784 | D:5      | Found a staircase to the Ecumenical Temple.
  5977 | Temple   | Entered the Ecumenical Temple
  6162 | Temple   | Became a worshipper of Vehumet
  6442 | D:5      | Reached skill level 5 in Spellcasting
  6704 | D:6      | Found a white marble altar of Elyvilon.
  7074 | D:6      | Reached XP level 9. HP: 55/55 MP: 4/17
  7166 | D:6      | Noticed Dowan
  8667 | D:6      | HP: 8/51 [/static electricity (6)]
  8832 | D:7      | Reached * piety under Vehumet
  8832 | D:7      | Offered knowledge of Magic Dart by Vehumet.
  8882 | D:7      | Found a flagged portal.
  8952 | Bailey   | Entered a bailey
  9702 | Bailey   | Reached XP level 10. HP: 53/64 MP: 3/22
  9912 | Bailey   | Noticed an orc knight
 10413 | Bailey   | Killed an orc knight
 10414 | Bailey   | Reached skill level 5 in Stealth
 10838 | D:7      | Reached skill level 5 in Dodging
 11153 | D:7      | Offered knowledge of Momentum Strike by Vehumet.
 11190 | D:7      | Found a burning altar of Makhleb.
 11226 | D:7      | Reached ** piety under Vehumet
 11423 | D:6      | Learned a level 2 spell: Momentum Strike
 11581 | D:7      | Found a runed translucent gate.
 11581 | D:7      | Found a runed translucent gate.
 11581 | D:7      | Found a runed translucent gate.
 11623 | D:7      | Noticed Verendum's ghost (novice OpTm)
 11734 | D:7      | Noticed Maggie
 11736 | D:7      | Reached skill level 1 in Translocations
 11741 | D:7      | Killed Maggie
 12163 | D:7      | Learned a level 2 spell: Poisonous Vapours
 12718 | D:8      | Noticed Maurice
 12737 | D:8      | Killed Maurice
 12738 | D:8      | Reached skill level 1 in Shields
 13542 | D:8      | Found a blossoming altar of Fedhas.
 13551 | D:8      | Reached XP level 11. HP: 71/71 MP: 18/24
 13581 | D:8      | Offered knowledge of Ignite Poison by Vehumet.
 13620 | D:8      | Learned a level 3 spell: Ignite Poison
 13715 | D:8      | Noticed a two-headed ogre
 13725 | D:8      | Killed a two-headed ogre
 13726 | D:8      | Reached skill level 1 in Fire Magic
 13821 | D:8      | Reached skill level 1 in Transmutations
 13993 | D:8      | Noticed Joseph
 13998 | D:8      | Killed Joseph
 13998 | D:8      | Reached *** piety under Vehumet
 15369 | D:9      | Noticed Harold
 15556 | D:9      | Noticed a two-headed ogre
 15566 | D:9      | Killed a two-headed ogre
 15653 | D:9      | Found a sacrificial altar of Ru.
 15657 | D:9      | Offered knowledge of Olgreb's Toxic Radiance by Vehumet.
 15703 | D:8      | Learned a level 4 spell: Olgreb's Toxic Radiance
 16391 | D:9      | Noticed Psyche
 16403 | D:9      | Killed Psyche
 16404 | D:9      | Reached skill level 5 in Conjurations
 16746 | D:9      | Killed Harold
 16747 | D:9      | Reached skill level 10 in Fighting
 16899 | D:10     | Entered Level 10 of the Dungeon
 16938 | D:10     | Found a hazy altar of Hepliaklqana.
 16975 | D:10     | Reached XP level 12. HP: 74/77 MP: 8/25
 17081 | D:10     | Found Qoetzi Ytunk's Weapon Shop.
 17500 | D:10     | Found a staircase to the Orcish Mines.
 17599 | D:10     | Reached skill level 5 in Fire Magic
 17633 | D:10     | Reached **** piety under Vehumet
 18031 | D:10     | Noticed a five-headed hydra
 18031 | D:10     | Noticed a centaur warrior
 18253 | D:10     | Reached skill level 5 in Poison Magic
 18340 | D:10     | Found a staircase to the Lair.
 18359 | D:10     | Noticed a seven-headed hydra
 18363 | D:10     | Noticed a boulder beetle
 18388 | D:10     | Killed a seven-headed hydra
 18393 | D:10     | Killed a boulder beetle
 18624 | D:10     | Identified the ring of Socaalin {Will+ Dex+3}
 18630 | D:10     | Killed a centaur warrior
 18743 | D:10     | Identified the amulet of Hard Scrabble {-Cast Rampage
                  | Regen+ rCorr Str+4}
 18875 | D:10     | Identified the amulet of Reimbursement {rF++ Regen+ Stlth-}
 19200 | D:10     | Reached skill level 10 in Spellcasting
 19330 | D:10     | Identified the ring "Soupilobb" {rF+ Int+6 Dex+4}
 19586 | Lair:1   | Entered Level 1 of the Lair of Beasts
 19659 | Lair:1   | Offered knowledge of Hailstorm by Vehumet.
 19660 | Lair:1   | Reached skill level 1 in Armour
 19676 | Lair:1   | Noticed Grum
 19679 | Lair:1   | Killed Grum
 19739 | Lair:1   | Noticed a boulder beetle
 19742 | Lair:1   | Killed a boulder beetle
 19998 | Lair:1   | Reached XP level 13. HP: 56/83 MP: 28/28
 20001 | Lair:1   | HP: 20/83 [/static electricity (1)]
 20006 | Lair:1   | HP: 17/83 [poisoned by a black mamba]
 21150 | Lair:2   | Reached ***** piety under Vehumet
 21150 | Lair:2   | Offered knowledge of Flame Wave by Vehumet.
 21263 | Lair:2   | Learned a level 4 spell: Flame Wave
 21465 | Lair:2   | Found a staircase to the Snake Pit.
 21571 | Lair:2   | Found a runed translucent gate.
 21572 | Lair:2   | Found a runed translucent gate.
 21573 | Lair:2   | Found a runed translucent gate.
 21574 | Lair:2   | Noticed PanSaczeczos's ghost (journeyman AtAr)
 21579 | Lair:2   | Found a viscous altar of Jiyva.
 21804 | Lair:2   | Reached skill level 5 in Armour
 21880 | Lair:2   | You are sucked into a shaft and drop 2 floors!
 22218 | Lair:3   | Found a gate leading to a gauntlet.
 22227 | Gauntlet | Entered a Gauntlet
 22227 | Gauntlet | Found a transporter.
 22228 | Gauntlet | Found a large runed translucent door.
 22229 | Gauntlet | Found a large runed translucent door.
 22230 | Gauntlet | Found a large runed translucent door.
 22230 | Gauntlet | Found a large runed translucent door.
 22230 | Gauntlet | Found a runed translucent door.
 22231 | Gauntlet | Found a large runed translucent door.
 22232 | Gauntlet | Found a large runed translucent door.
 22233 | Gauntlet | Found a large runed translucent door.
 22233 | Gauntlet | Found a large runed translucent door.
 22234 | Gauntlet | Found a runed translucent gate.
 22234 | Gauntlet | Found a runed translucent gate.
 22236 | Gauntlet | Found a transporter.
 22244 | Gauntlet | Found a runed translucent gate.
 22244 | Gauntlet | Found a runed translucent door.
 22245 | Gauntlet | Found a large runed translucent door.
 22245 | Gauntlet | Found a large runed translucent door.
 22246 | Gauntlet | Found a large runed translucent door.
 22247 | Gauntlet | Found a large runed translucent door.
 22251 | Gauntlet | Found a transporter.
 22256 | Gauntlet | Found a transporter.
 22273 | Gauntlet | Found a transporter.
 22291 | Gauntlet | Found a transporter.
 22306 | Gauntlet | Found a transporter.
 22315 | Gauntlet | Found a transporter.
 22321 | Gauntlet | Found a transporter.
 22321 | Gauntlet | Found a transporter.
 22342 | Gauntlet | Found a transporter.
 22354 | Gauntlet | Found a transporter.
 22360 | Gauntlet | Found a transporter.
 22360 | Gauntlet | Found a transporter.
 22399 | Gauntlet | Found a transporter.
 22425 | Gauntlet | Found a transporter.
 22427 | Gauntlet | Found a transporter.
 22445 | Gauntlet | Found a large runed translucent door.
 22445 | Gauntlet | Found a large runed translucent door.
 22446 | Gauntlet | Found a large runed translucent door.
 22447 | Gauntlet | Found a large runed translucent door.
 22449 | Gauntlet | Found a transporter.
 23012 | Gauntlet | Identified the +2 hat of Zin's Favour {Str+5 Slay-4}
 23238 | Gauntlet | Identified the +3 shortbow "Jaumpas" {freeze, rC+++ Will+
                  | rCorr Str-5}
 23238 | Gauntlet | Noticed a minotaur
 23249 | Gauntlet | Killed a minotaur
 23886 | Lair:2   | Reached XP level 14. HP: 90/90 MP: 19/30
 24513 | Lair:3   | Noticed Prince Ribbit
 24519 | Lair:3   | Killed Prince Ribbit
 25052 | Lair:3   | Found a staircase to the Swamp.
 26746 | Lair:5   | Entered Level 5 of the Lair of Beasts
 26801 | Lair:5   | Found a staircase to the Slime Pits.
 26801 | Lair:5   | Found a viscous altar of Jiyva.
 27056 | Lair:5   | Found a frozen archway.
 27165 | IceCv    | Entered an ice cave
 27564 | IceCv    | Noticed a frost giant
 27600 | IceCv    | Killed a frost giant
 27634 | IceCv    | Offered knowledge of Freezing Cloud by Vehumet.
 27928 | IceCv    | Got the Vellum of the Glacier
 28043 | IceCv    | Learned a level 5 spell: Freezing Cloud
 28184 | Lair:5   | Reached skill level 1 in Ice Magic
 28513 | Lair:5   | Reached XP level 15. HP: 98/98 MP: 12/32
 29004 | Lair:5   | Found a large runed translucent door.
 29005 | Lair:5   | Found a large runed translucent door.
 29061 | Lair:5   | Reached skill level 9 in Air Magic
 29962 | Lair:5   | Noticed Josephine
 29968 | Lair:5   | Killed Josephine
 30083 | Lair:5   | Reached skill level 10 in Air Magic
 30406 | Lair:5   | Noticed Urug
 30423 | Lair:5   | Killed Urug
 31074 | Orc:1    | Entered Level 1 of the Orcish Mines
 31629 | Orc:1    | Reached ****** piety under Vehumet
 31776 | Orc:1    | Reached skill level 5 in Ice Magic
 31940 | Orc:2    | Entered Level 2 of the Orcish Mines
 32023 | Orc:2    | Offered knowledge of Ozocubu's Refrigeration by Vehumet.
 32189 | Orc:2    | Found a staircase to the Elven Halls.
 32224 | Orc:2    | Reached skill level 11 in Air Magic
 33039 | Orc:2    | Found Nines's Book Shoppe.
 33095 | Orc:2    | Noticed an orc warlord
 33122 | Orc:2    | Killed an orc warlord
 33673 | Orc:2    | Offered knowledge of Lightning Bolt by Vehumet.
 33682 | Orc:2    | Learned a level 5 spell: Lightning Bolt
 33808 | Orc:2    | Found Zaroapapoo's Antique Armour Boutique.
 33810 | Orc:2    | Found Quacuj's Antique Weapon Shop.
 34064 | Orc:2    | Found Jaeschix's Book Emporium.
 34117 | Orc:2    | Bought a book of Dangerous Friends for 480 gold pieces
 34323 | D:11     | Found a huge runed translucent gate.
 34324 | D:11     | Found a huge runed translucent gate.
 34338 | D:11     | Found a huge runed translucent gate.
 34339 | D:11     | Found a huge runed translucent gate.
 34477 | D:11     | Reached skill level 12 in Air Magic
 34834 | D:11     | Found Niciwoytz's Antique Armour Emporium.
 34841 | D:11     | Bought a glowing scarf for 240 gold pieces
 34841 | D:11     | Bought a runed buckler for 225 gold pieces
 35393 | D:12     | Found Ifuwnotuzu's Jewellery Shop.
 35633 | D:12     | Found a runed translucent door.
 35637 | D:12     | Noticed NoAnimeNoLife's ghost (journeyman MiFi)
 37251 | D:12     | Offered knowledge of Yara's Violent Unravelling by Vehumet.
 37317 | D:12     | Found a basalt altar of Yredelemnul.
 37474 | D:12     | Reached XP level 16. HP: 104/104 MP: 4/34
 37764 | D:12     | Learned a level 4 spell: Iskenderun's Mystic Blast
 37765 | D:13     | Found a gate to the Vaults.
 37806 | D:13     | Noticed Lodul
 37809 | D:13     | Killed Lodul
 38060 | D:13     | Learned a level 7 spell: Orb of Destruction
 39007 | D:13     | Found a runed translucent door.
 39053 | D:13     | Noticed a storm dragon
 39100 | D:14     | Noticed Agnes
 39109 | D:14     | Killed Agnes
 39419 | D:14     | Noticed Jorgrun
 39429 | D:13     | Killed Jorgrun
 39430 | D:13     | Reached skill level 10 in Conjurations
 40412 | D:14     | Found a shadowy altar of Dithmenos.
 40863 | D:15     | Entered Level 15 of the Dungeon
 41389 | D:15     | Found a staircase to the Depths.
 41503 | D:15     | Noticed Nessos
 41509 | D:15     | Killed Nessos
 42386 | Snake:1  | Entered Level 1 of the Snake Pit
 42960 | Snake:1  | Found Saninty's Antique Armour Emporium.
 43103 | Snake:1  | Identified the +1 ring mail "Fohimakk" {Dex+4 Stlth+}
 43205 | Snake:1  | Reached XP level 17. HP: 109/109 MP: 29/36
 43245 | Snake:1  | Reached skill level 15 in Spellcasting
 43618 | Snake:1  | Reached skill level 13 in Air Magic
 43620 | Snake:1  | Found Ycifugur's Weapon Boutique.
 44399 | Snake:2  | Offered knowledge of Iskenderun's Battlesphere by Vehumet.
 46601 | Snake:3  | Reached skill level 1 in Summonings
 46848 | Snake:3  | Reached skill level 14 in Air Magic
 49150 | Snake:4  | Entered Level 4 of the Snake Pit
 49343 | Snake:4  | Reached skill level 5 in Summonings
 49367 | Snake:4  | Offered knowledge of Lehudib's Crystal Spear by Vehumet.
 49505 | Snake:4  | Reached skill level 15 in Air Magic
 50061 | Snake:4  | Reached XP level 18. HP: 116/116 MP: 18/38
 50211 | Snake:4  | Reached skill level 15 in Conjurations
 51032 | Snake:4  | Reached skill level 16 in Air Magic
 52160 | Snake:4  | Learned a level 7 spell: Spellforged Servitor
 53107 | Snake:4  | Reached skill level 5 in Shields
 53607 | Snake:4  | Got a serpentine rune of Zot
 54395 | D:3      | Offered knowledge of Fire Storm by Vehumet.
 54395 | D:3      | Offered knowledge of Chain Lightning by Vehumet.
 54395 | D:3      | Offered knowledge of Maxwell's Capacitive Coupling by
                  | Vehumet.
 54712 | D:2      | Killed Sigmund
 54822 | D:3      | Found a runed translucent door.
 54934 | D:3      | Found a glowing golden altar of the Shining One.
 54936 | D:3      | Found a shimmering blue altar of Sif Muna.
 55020 | D:3      | Found Gozag's Platinum Reserve.
 55021 | D:3      | Found an opulent altar of Gozag.
 55377 | D:3      | Found a faded altar of an unknown god.
 55462 | D:3      | Found Rofideq's Distillery.
 55576 | D:3      | Killed Grinder
 55878 | Swamp:1  | Entered Level 1 of the Swamp
 56648 | Swamp:1  | Found a runed translucent door.
 56957 | Swamp:1  | Reached XP level 19. HP: 107/122 MP: 23/39
 57877 | Swamp:1  | Identified the ring "Kiaggom" {Fire Str+5}
 57880 | Swamp:1  | Identified the +5 shortbow of Ambiguity {flame, Str+4 Int-4
                  | Dex+5}
 58582 | Swamp:2  | Reached skill level 15 in Fighting
 58764 | Swamp:2  | Found a sparkling altar of Nemelex Xobeh.
 59061 | Swamp:2  | You are sucked into a shaft and drop 1 floor!
 59437 | Swamp:2  | Reached skill level 10 in Summonings
 59669 | Swamp:2  | Found a runed translucent door.
 59738 | Swamp:2  | Noticed Angani's ghost (adept DrWr)
 59738 | Swamp:2  | Found the +3 giant club "Skullcrusher" {speed, Str+7}
 59978 | Swamp:2  | Killed Angani's ghost
 60124 | Swamp:3  | Noticed Roxanne
 60686 | Swamp:4  | Entered Level 4 of the Swamp
 62815 | Swamp:4  | Noticed the 27-headed Lernaean hydra
 62835 | Swamp:4  | Killed the 27-headed Lernaean hydra
 63199 | Swamp:4  | Got a decaying rune of Zot
 63468 | D:12     | Bought the ring "Ibbogemp" {rPois rC+++ Slay+3} for 1268
                  | gold pieces
 63766 | Elf:1    | Entered Level 1 of the Elven Halls
 64147 | Elf:1    | Reached skill level 17 in Air Magic
 64259 | Elf:1    | Paralysed by an air elemental for 1 turns
 64296 | Elf:1    | Reached XP level 20. HP: 129/129 MP: 33/41
 64489 | Elf:1    | Paralysed by an air elemental for 1 turns
 65944 | Elf:1    | Upgraded the game from 0.30-a0-394-g3e4acdb0ae to
                  | 0.30-a0-404-g0b3c3f4973
 66028 | Elf:2    | Found a crumbling gateway.
 66164 | Desolati | Entered the Desolation of Salt
 66190 | Desolati | Learned a level 5 spell: Irradiate
 67072 | Desolati | Identified the ring "Damnable Contraption" {rElec rC+ Will+
                  | Dex+4}
 67487 | Desolati | Identified the +6 falchion "Porcherchi" {distort, rElec}
 67885 | Desolati | Identified the +10 halberd of Geuttoch {pain, rElec rN++
                  | Will++}
 68850 | Desolati | Found the +3 hat of Pondering {ponderous, Will+ MP+10
                  | Int+5}
 68886 | Desolati | Identified the +0 pair of boots of Subjectivity {rElec rN+
                  | Regen+ Stlth-}
 68887 | Desolati | Identified the +8 falchion of the Land of Plenty {vorpal,
                  | *Corrode rN++ Str+4 Int+4}
 68891 | Desolati | Identified the +3 shortbow "Eryleinn" {drain, Str-2 Int-3
                  | Dex+9 Stlth+}
 69049 | Desolati | Identified the +1 rapier "Cevugguc" {freeze, rF+ rN+ Int+4}
 69591 | Elf:2    | Reached skill level 18 in Air Magic
 70014 | Elf:2    | Found a runed translucent gate.
 70015 | Elf:2    | Found a runed translucent gate.
 70015 | Elf:2    | Found a runed translucent gate.
 70117 | Elf:3    | Entered Level 3 of the Elven Halls
 70121 | Elf:3    | Reached XP level 21. HP: 134/134 MP: 43/43
 70633 | Elf:3    | Found Kahy's Book Shoppe.
 70681 | Elf:3    | Found Xiederynk's Assorted Antiques.
 70757 | Elf:3    | Found Usut's Armour Emporium.
 71007 | Elf:3    | HP: 25/135 [deep elf sorcerer/damnation (53)]
 71808 | Elf:3    | Identified the +4 great sword "Hiumur" {vorpal, rPois rF+
                  | rN++ Str-2}
 71808 | Elf:3    | Identified the ring "Zuustrie" {*Slow rF+ Will++ Str+6}
 71843 | Elf:3    | Identified the amulet of Notutonk {Acrobat Contam rC+++
                  | rCorr Int-5}
 71926 | Elf:3    | Identified the +3 halberd "Onus" {flame, Dex+7}
 72199 | Elf:3    | Identified the ring "Neinn" {Str+6 Slay+3 Stlth+}
 72359 | Elf:3    | Reached skill level 1 in Evocations
 72365 | Elf:3    | Reached skill level 10 in Shields
 72463 | Elf:3    | Reached XP level 22. HP: 141/141 MP: 44/44
 72477 | Elf:3    | Identified the +0 leather armour of Hepliaklqana's Favour
                  | {Harm rC+ Int-4 SInv}
 72568 | Elf:3    | Identified the +3 scale mail of Valour {rF+ Will+}
 72959 | Elf:3    | Identified the +7 battleaxe of Seudaodi {protect, rN+}
 73111 | Elf:3    | Got Sif Muna's Cyclopedia of the Snowflakes
 73562 | Vaults:1 | Entered Level 1 of the Vaults
 73871 | Vaults:1 | Found Tedghyph's Jewellery Shoppe.
 74715 | Vaults:1 | Reached XP level 23. HP: 146/146 MP: 38/46
 74964 | Vaults:1 | Reached skill level 19 in Air Magic
 77760 | Vaults:2 | Identified the ring of Uzatoata {*Slow Fly rN+ Int-2 Dex+7}
 78342 | Vaults:3 | Identified the +1 scale mail "Fied" {Harm SInv}
 79114 | Vaults:3 | Found a staircase to the Crypt.
 79272 | Vaults:3 | Found Nemuol's Armour Shop.
 80044 | Vaults:3 | Reached skill level 1 in Short Blades
 80457 | Vaults:4 | Reached XP level 24. HP: 113/154 MP: 46/46
 81186 | Vaults:4 | Found a huge runed gate.
 81186 | Vaults:4 | Found a huge runed gate.
 81186 | Vaults:4 | Found a huge runed gate.
 81187 | Vaults:4 | Found a huge runed gate.
 81187 | Vaults:4 | Found a huge runed gate.
 81187 | Vaults:4 | Found a huge runed gate.
 81189 | Vaults:4 | Found a huge runed gate.
 81189 | Vaults:4 | Found a huge runed gate.
 81190 | Vaults:4 | Found a huge runed gate.
 81206 | Vaults:4 | Found a huge runed gate.
 81206 | Vaults:4 | Found a huge runed gate.
 81206 | Vaults:4 | Found a huge runed gate.
 81206 | Vaults:4 | Found a huge runed gate.
 81206 | Vaults:4 | Found a huge runed gate.
 81206 | Vaults:4 | Found a huge runed gate.
 81207 | Vaults:4 | Found a huge runed gate.
 81208 | Vaults:4 | Found a huge runed gate.
 81209 | Vaults:4 | Found a huge runed gate.
 81217 | Vaults:4 | Found a huge runed gate.
 81217 | Vaults:4 | Found a huge runed gate.
 81217 | Vaults:4 | Found a huge runed gate.
 81217 | Vaults:4 | Found a huge runed gate.
 81217 | Vaults:4 | Found a huge runed gate.
 81217 | Vaults:4 | Found a huge runed gate.
 81218 | Vaults:4 | Found a huge runed gate.
 81219 | Vaults:4 | Found a huge runed gate.
 81220 | Vaults:4 | Found a huge runed gate.
 81228 | Vaults:4 | Found a huge runed gate.
 81228 | Vaults:4 | Found a huge runed gate.
 81228 | Vaults:4 | Found a huge runed gate.
 81228 | Vaults:4 | Found a huge runed gate.
 81228 | Vaults:4 | Found a huge runed gate.
 81228 | Vaults:4 | Found a huge runed gate.
 81229 | Vaults:4 | Found a huge runed gate.
 81230 | Vaults:4 | Found a huge runed gate.
 81231 | Vaults:4 | Found a huge runed gate.
 81854 | Vaults:1 | Reached skill level 20 in Air Magic
 81931 | Depths:1 | Entered Level 1 of the Depths
 81937 | Depths:1 | HP: 38/154 [disintegration (116)]
 82037 | D:15     | Reached skill level 15 in Summonings
 82151 | Depths:1 | Found a flickering gateway to a bazaar.
 82163 | Bazaar   | Entered a bazaar
 82163 | Bazaar   | Found Wukhlix's Antique Armour Shoppe.
 82163 | Bazaar   | Found Pawis's Book Emporium.
 82184 | Bazaar   | Found Tigh's Magic Scroll Shoppe.
 82198 | Bazaar   | Found Enetwou's Distillery.
 82206 | Bazaar   | Bought a potion of brilliance for 44 gold pieces
 82206 | Bazaar   | Bought a potion of heal wounds for 55 gold pieces
 82206 | Bazaar   | Bought a potion of mutation for 88 gold pieces
 82206 | Bazaar   | Bought a potion of brilliance for 44 gold pieces
 82206 | Bazaar   | Bought a potion of cancellation for 88 gold pieces
 82218 | Bazaar   | Bought a manual of Dodging for 1040 gold pieces
 82218 | Bazaar   | Bought Maxwell's Memoranda for 494 gold pieces
 82228 | Bazaar   | Bought an embroidered scarf for 176 gold pieces
 82242 | Depths:1 | Found a runed translucent door.
 82254 | Depths:1 | You are sucked into a shaft and drop 1 floor!
 83047 | Depths:1 | Found a gateway to Hell.
 83068 | Depths:1 | Found a one-way gate to the infinite horrors of the Abyss.
 83224 | Depths:1 | Reached skill level 10 in Dodging
 83747 | Depths:1 | Noticed Jaamarergh's ghost (adept DECA)
 84481 | Depths:2 | Noticed Vv
 84725 | Depths:2 | Killed Vv
 84998 | Depths:2 | Noticed a caustic shrike
 85001 | Depths:2 | Killed a caustic shrike
 85204 | Depths:2 | Found a shimmering blue altar of Sif Muna.
 85525 | Depths:2 | Reached XP level 25. HP: 160/160 MP: 31/47
 85782 | Depths:2 | Found a one-way gate leading to the halls of Pandemonium.
 86201 | Depths:2 | Learned a level 9 spell: Chain Lightning
 86691 | Depths:3 | Reached skill level 21 in Air Magic
 87136 | Depths:3 | Noticed Boris
 87144 | Depths:3 | Killed Boris
 87596 | Depths:3 | Found a one-way gateway to a ziggurat.
 87668 | Depths:3 | Noticed a royal mummy
 87683 | Depths:3 | Killed a royal mummy
 87922 | Depths:3 | Noticed a royal mummy
 88047 | Depths:3 | Killed a royal mummy
 88170 | Depths:3 | Noticed a royal mummy
 88179 | Depths:3 | Killed a royal mummy
 88236 | Depths:3 | Found the +7 sceptre of Torment {pain, torment}
 88312 | Depths:4 | Entered Level 4 of the Depths
 90471 | Depths:4 | Found a gate to the Realm of Zot.
 90797 | Crypt:1  | Entered Level 1 of the Crypt
 91461 | Crypt:1  | Found a runed translucent door.
 91462 | Crypt:1  | Noticed Dassydak's ghost (adept GrFi)
 92194 | Crypt:1  | Reached skill level 22 in Air Magic
 93196 | Crypt:2  | Reached XP level 26. HP: 168/168 MP: 47/47
 94886 | Crypt:3  | Entered Level 3 of the Crypt
 95057 | Crypt:3  | Identified the +6 hand axe of the Teaching Moth {pain,
                  | *Noise rPois rF- Dex+8}
 95208 | Crypt:3  | Identified the +4 long sword of the Real Monster {protect,
                  | rC+}
 95521 | Crypt:3  | Found an ancient bone altar of Kikubaaqudgha.
 95979 | Crypt:3  | Learned a level 8 spell: Maxwell's Capacitive Coupling
 97083 | Crypt:3  | Found a staircase to the Tomb.
 97410 | Crypt:3  | Reached skill level 15 in Shields
 97563 | Crypt:3  | Identified the +4 hand axe of Sulphur {speed, rPois rF+
                  | Will+}
 97667 | Crypt:3  | Got the Almanac of Exhumation
 98005 | Vaults:5 | Entered Level 5 of the Vaults
 98008 | Vaults:5 | Reached skill level 15 in Dodging
 98014 | Vaults:5 | Reached skill level 23 in Air Magic
 98467 | Slime:1  | Entered Level 1 of the Pits of Slime
100316 | Slime:3  | Reached XP level 27. HP: 156/173 MP: 48/48
100919 | Slime:5  | Entered Level 5 of the Pits of Slime
101006 | Slime:5  | Noticed the Royal Jelly
101013 | Slime:5  | Killed the Royal Jelly
101014 | Slime:5  | Reached skill level 24 in Air Magic
102265 | Slime:5  | Identified the +10 ice dragon scales of the Wumpus {+Blink
                  | rF- rC++ Int+3}
102279 | Slime:5  | Got a slimy rune of Zot
102344 | Slime:5  | Learned a level 6 spell: Eringya's Noxious Bog
103162 | D:3      | Bought a potion of curing for 33 gold pieces
103162 | D:3      | Bought a potion of mutation for 88 gold pieces
103162 | D:3      | Bought a potion of mutation for 88 gold pieces
103162 | D:3      | Bought a potion of heal wounds for 55 gold pieces
103162 | D:3      | Bought a potion of mutation for 88 gold pieces
103162 | D:3      | Bought a potion of brilliance for 44 gold pieces
103162 | D:3      | Bought 2 potions of brilliance for 88 gold pieces
103229 | D:6      | Noticed Duvessa
103232 | D:6      | Killed Dowan
103232 | D:6      | Killed Duvessa
103320 | D:7      | Killed Verendum's ghost
103621 | Zot:1    | Entered Level 1 of the Realm of Zot
104414 | Zot:1    | Identified the +4 war axe of Equivalence {venom, rElec
                  | rPois rF+}
104746 | Zot:2    | You are sucked into a shaft and drop 2 floors!
104752 | Zot:4    | Reached skill level 5 in Transmutations
106504 | Zot:2    | Reached skill level 25 in Air Magic
107624 | Zot:3    | Learned a level 5 spell: Summon Forest
108087 | Zot:3    | Noticed Suab's ghost (veteran MeRe)
108096 | Zot:3    | Found a transporter.
108270 | Zot:3    | Found a transporter.
108280 | Zot:3    | Reached skill level 10 in Poison Magic
109945 | Zot:5    | Entered Level 5 of the Realm of Zot
110581 | Zot:5    | Noticed an orb of fire
110589 | Zot:5    | Killed an orb of fire
110654 | Zot:5    | Noticed an orb of fire
110656 | Zot:5    | Gained mutation: Your spells are a little easier to cast,
                  | but a little less powerful. [an orb of fire]
110662 | Zot:5    | Gained mutation: Armour fits poorly on your strangely
                  | shaped body. [an orb of fire]
110663 | Zot:5    | Killed an orb of fire
110678 | Zot:5    | Noticed an orb of fire
110678 | Zot:5    | Gained mutation: You occasionally lose the ability to drink
                  | potions when taking damage. [an orb of fire]
110679 | Zot:5    | Gained mutation: You occasionally lose the ability to read
                  | scrolls when taking damage. [an orb of fire]
110684 | Zot:5    | Killed an orb of fire
110715 | Zot:5    | Lost mutation: Armour fits poorly on your strangely shaped
                  | body. [potion of mutation]
110715 | Zot:5    | Lost mutation: You occasionally lose the ability to drink
                  | potions when taking damage. [potion of mutation]
110715 | Zot:5    | Gained mutation: You sometimes lose your temper in combat.
                  | [potion of mutation]
110716 | Zot:5    | Lost mutation: You occasionally lose the ability to read
                  | scrolls when taking damage. [potion of mutation]
110716 | Zot:5    | Lost mutation: Your spells are a little easier to cast, but
                  | a little less powerful. [potion of mutation]
110716 | Zot:5    | Lost mutation: You sometimes lose your temper in combat.
                  | [potion of mutation]
110969 | Zot:5    | Noticed an ancient lich
111013 | Zot:5    | Noticed an orb of fire
111025 | Zot:5    | Gained mutation: Your body sometimes deteriorates upon
                  | taking damage. [an orb of fire]
111026 | Zot:5    | Killed an orb of fire
111034 | Zot:5    | Killed an ancient lich
111043 | Zot:5    | Noticed a dread lich
111047 | Zot:5    | Killed a dread lich
111299 | Zot:5    | Reached skill level 26 in Air Magic
111408 | Zot:5    | Noticed an ancient lich
111411 | Zot:5    | Killed an ancient lich
111641 | Zot:5    | Noticed an orb of fire
111646 | Zot:5    | Killed an orb of fire
111725 | Zot:5    | Noticed an orb of fire
111731 | Zot:5    | Killed an orb of fire
111760 | Zot:5    | Noticed an ancient lich
111768 | Zot:5    | Killed an ancient lich
111783 | Zot:5    | Noticed a dread lich
111787 | Zot:5    | Killed a dread lich
112246 | Zot:5    | Noticed an ancient lich
112250 | Zot:5    | Killed an ancient lich
112629 | Elf:3    | Bought a scroll of summoning for 380 gold pieces
112629 | Elf:3    | Bought a potion of haste for 400 gold pieces
113082 | Zot:5    | Got the Orb of Zot
113478 | D:5      | Noticed Wiotuzuh the pandemonium lord
113481 | D:5      | Killed Wiotuzuh the pandemonium lord
113573 | D:$      | Escaped with the Orb!

Illustrated notes

Levels and vault maps discovered:
D:1:      dpeg_arrival_round_c, layout_rooms
D:2:      wander_river, layout_rooms, uniq_sigmund
D:3:      layout_loops_ring, chequers_temple_overflow_statue_of_worship,
          nicolae_gozag_zags_fifth_avenue, serial_shops, shop,
          portal_sewer_entry_b, serial_bayou, serial_bayou_crossing,
          serial_bayou_ford_a, serial_bayou_pond_b, serial_bayou_shore_b,
          nicolae_ecumenical_oubliette, bh_walls_and_bars,
          uniq_crazy_yiuf_cottage, uniq_grinder, uniq_terence
D:4:      layout_loops_ring, serial_shops, shop_statue, uniq_robin
D:5:      layout_rooms, minmay_temple_entry_sparse_star,
          kennysheep_generic_room_7
D:6:      layout_basic, mainiacjoe_overflow_cross_hatched, uniq_duvessa
D:7:      layout_rooms, mainiacjoe_overflow_alcove_4, enter_bailey_2,
          biasface_ghost_orc_armoury, serial_undead, serial_undead_d,
          serial_undead_b, serial_undead_c, serial_undead_a, uniq_maggie
D:8:      layout_basic, lemuel_round_altar, kennysheep_kite_vault, uniq_joseph,
          uniq_maurice
D:9:      layout_loops_ring, nicolae_ru_awakened_eye, uniq_harold, uniq_psyche
D:10:     minmay_the_grid_triangle_9x9_rhombus_thin
          [minmay_the_grid_triangle_9x9_corrupted_corridor,
          minmay_the_grid_triangle_9x9_prize_special,
          minmay_the_grid_triangle_9x9_thin_v,
          minmay_the_grid_triangle_9x9_sparse_checkered], layout_loops_ring,
          nicolae_hepliaklqana_hazy_memory, erik_lair_orcish_takeover,
          david_orc_2, serial_aquarium, aquarium_bridge_long_separate
          [aquarium_subvault_wall, aquarium_subvault_window,
          aquarium_subvault_bridge, aquarium_subvault_bridge,
          aquarium_subvault_window, aquarium_subvault_window],
          aquarium_bridge_square [aquarium_subvault_window,
          aquarium_subvault_window, aquarium_subvault_bridge,
          aquarium_subvault_balcony], aquarium_window_1,
          aquarium_window_corridor_2, aquarium_window_1, aquarium_view_2e,
          serial_shops, shop, chequers_serial_rivers_micro_a
D:11:     lemuel_bear_cage, layout_basic, serial_shops, shop,
          grunt_decor_one_mirror
D:12:     layout_basic, hellmonk_ghost_big_iron, serial_shops,
          nicolae_stop_n_shop_2, nicolae_yredelemnul_corpse_copse
D:13:     layout_roguey, david_vaults_3, wad_hexagon, uniq_lodul
D:14:     layout_loops_ring, solitary_fountain, grunt_dithmenos_smoke,
          uniq_jorgrun, uniq_agnes
D:15:     hangedman_depths_entry_civil_slaughter, layout_basic,
          grunt_decor_clamped, uniq_nessos
Temple:   eino_narrow_crystal_temple
Lair:1:   layout_cave_pods, grunt_megastairs_3, uniq_grum
Lair:2:   dreamdust_isle_of_ice, layout_cave_shapes,
          guppyfry_snake_entry_garden, gammafunk_ghost_ooze
Lair:3:   layout_cave_pods, minmay_swamp_entry_swarm, gauntlet_entry_generic,
          lemuel_fruit_fields, uniq_prince_ribbit2
Lair:4:   layout_cave_pods, lemuel_fruit_tree
Lair:5:   cheibrodos_lair_end_hotspot, layout_loops_ring, slime_entry_1,
          portal_ice_cave_rime, serial_bayou_lake_a, uniq_josephine, uniq_urug
Swamp:1:  gammafunk_mikee_crab_dinner, layout_basic_swamp,
          infiniplex_staircase_pool_2, statue_in_the_mist_lemuel, swamp_pool1
Swamp:2:  nicolae_swamp_phyte_club, layout_basic_swamp,
          ebering_ghost_reflecting_pool, evilmike_swamp_ruin_house_4,
          lemuel_altar_in_water, infiniplex_staircase_pool
Swamp:3:  layout_basic_swamp, hangedman_swamp_ruin_wall, uniq_roxanne
Swamp:4:  grunt_swamp_rune_castle, layout_basic_swamp
Snake:1:  layout_rooms, serial_shops, nicolae_lakefront_shop,
          grunt_megastairs_2, minmay_shop_star
Snake:2:  layout_chambers, nicolae_snake_gridmaze_spiral
Snake:3:  layout_chambers, special_room, serial_bayou_shore_b
Snake:4:  grunt_snake_rune_spirals, layout_onion, nicolae_snake_lava_pool
Slime:1:  layout_caves
Slime:2:  layout_caves, nicolae_slime_barrier
Slime:3:  layout_caves
Slime:4:  layout_caves
Slime:5
Orc:1:    layout_caves
Orc:2:    grunt_orc_community_town_hall, layout_caves,
          grunt_orc_community_big_house_2, grunt_orc_community_big_house_2,
          grunt_orc_community_house_1, grunt_orc_community_house_3,
          grunt_orc_community_house_1, grunt_orc_community_house_3, basic_altar
Elf:1:    layout_loops_corners, minivault_28, minivault_4
Elf:2:    nicolae_elf_blades_crystal_corner, layout_geoelf_grid,
          portal_desolation_entry_twin_temple
Elf:3:    minmay_elf_hall_spiked, layout_geoelf_diagonals, serial_shops,
          nicolae_square_shop, shop, shop, serial_co_window_serial,
          co_window_corner_a, co_window_corner_a, co_window_paths_a,
          co_window_of_opportunity_a, co_window_of_opportunity_a,
          co_window_corner_cb, co_window_cross_3, co_window_2corner,
          co_window_unsneaky_path_d, co_window_corner_b, co_window_corner_b,
          glass_columns_c, eino_tiny_chamber
Vaults:1: nicolae_vaults_big_ls, v_pattern_3, ontoclasm_vaults_pinch, v_misc_25,
          hangedman_vaults_capsules, vaults_mumra_hexcomb,
          vaults_standard_mumra_enter_the_diamond, nicolae_vaults_shelves_hall,
          nicolae_vaults_network_barrier, vaults_dpeg_hooks,
          vaults_room_octagon, nicolae_vaults_little_ls, ontoclasm_vaults_twist,
          layout_vaults_ring, serial_shops, nicolae_diamond_shop
Vaults:2: v_misc_10, ontoclasm_vaults_gateway, nicolae_vaults_display_case,
          ontoclasm_vaults_hangar, nicolae_vaults_three_branches, v_misc_5,
          nicolae_vaults_little_squares_5, layout_vaults_omnigrid
Vaults:3: hangedman_vaults_pinch, nicolae_vaults_ring_of_whatevers,
          vaults_room_mumra_shop_pool, vaults_room_door_ring, v_misc_14,
          hangedman_vaults_trim, blue_anna_dwarven_crypt,
          grunt_vaults_hallway_short, nicolae_vaults_sealed_display,
          nicolae_vaults_mini_display_case, nicolae_vaults_border_crossing,
          layout_vaults_omnicross
Vaults:4: nicolae_vaults_asterisk, v_misc_33, door_vault, v_misc_2,
          vaults_mumra_hex, ontoclasm_vaults_shuriken, v_alt_pattern_4,
          nicolae_vaults_yaktaur_gun_rack, layout_vaults_big_room
Vaults:5
Crypt:1:  layout_regular_city, gammafunk_ghost_grave, corexii_hall_statues_s,
          lemuel_nasty_fountain, uniq_josephina
Crypt:2:  layout_regular_city, grunt_megastairs_4
Crypt:3:  grunt_crypt_end_deaths_head
Depths:1: layout_cave_pools, ebering_ghost_reflecting_pool, serial_shops,
          bzr_entry_water, abyss_entry, serial_sigils,
          serial_sigils_hangedman_clutch, serial_sigils_hangedman_stare,
          serial_sigils_hangedman_snap, serial_sigils_hangedman_scar,
          serial_sigils_hangedman_writhe, hell_entry, onia_ninara_cookie
Depths:2: nzn_winding_woodlands_cross [nzn_winding_woodlands_5x15_parted,
          nzn_winding_woodlands_5x15_crooked,
          nzn_winding_woodlands_5x15_sawtooth,
          nzn_winding_woodlands_5x15_longhouse,
          nzn_winding_woodlands_15x15_five_gardens], layout_cave_pools,
          lemuel_blue_sif_altar, hell_entry, rand_demon_pan_entry_1, uniq_vv
Depths:3: minmay_guarded_unrand_sceptre_of_torment, layout_gridville,
          enter_ziggurat_d, lightli_too_deep, abyss_entry, grunt_megastairs_5,
          infiniplex_staircase_squiggle, serial_bayou_shore_a, uniq_boris
Depths:4: grunt_zot_entry_alcove, layout_basic, nicolae_triple_integral,
          hell_entry, serial_bayou_shore_b
Zot:1:    layout_onion_interference
Zot:2:    layout_twisted_circle
Zot:3:    layout_gridlike, gammafunk_ghost_berserking_beasts
Zot:4:    layout_gridlike
Zot:5:    layout_twisted_circle

Skill      XL: |  1  2  3  4  5  6  7  8  9 10 11 12 13 14 15 16 17 18 19 20 21 22 23 24 25 26 27 |
---------------+----------------------------------------------------------------------------------+-----
Fighting       | 1 2 3 4 6 8 9 10 11 13 14 15 16 17 18 19 | 19.9
Conjurations   | 2 3 4 5 8 12 14 16 17 18 19 20 22 | 22.0
Spellcasting   | 3 4 5 7 8 10 11 12 13 14 15 16 17 18 19 20 22 | 22.0
Air Magic      | 5 8 12 15 16 17 18 19 20 22 23 26 | 26.6
Poison Magic   | 1 2 3 4 6 8 12 | 12.0
Stealth        | 4 5 6 7 |  7.0
Dodging        | 3 5 6 8 11 12 16 18 | 18.3
Translocations | 4 |  4.0
Shields        | 3 4 6 8 9 10 11 12 14 15 | 15.0
Fire Magic     | 4 6 8 |  8.0
Transmutations | 3 4 8 |  8.0
Armour         | 3 6 |  6.0
Ice Magic      | 2 7 8 |  8.0
Summonings     | 6 8 11 12 13 14 15 16 | 16.8
Evocations     | 1 3 4 |  4.0
Short Blades   | 1 4 |  4.0

Action                   |  1- 3 |  4- 6 |  7- 9 | 10-12 | 13-15 | 16-18 | 19-21 | 22-24 | 25-27 || total
-------------------------+-------+-------+-------+-------+-------+-------+-------+-------+-------++-------
Melee: Dagger            |       |       |     3 |    20 |     4 |       |       |       |       ||    27
       Kick              |       |       |       |     9 |    11 |     3 |     4 |     5 |     1 ||    33
       Peck              |       |       |       |     3 |     7 |     3 |     3 |     5 |     1 ||    22
       Staff             |       |       |       |       |    21 |     8 |     6 |       |       ||    35
       Rapier            |       |       |       |       |       |       |     2 |    10 |     1 ||    13
 Cast: Shock             |    67 |   127 |    10 |       |     1 |       |       |     1 |       ||   206
       Static Discharge  |     5 |    15 |    11 |    12 |    54 |     3 |       |       |       ||   100
       Airstrike         |       |       |   102 |   159 |   256 |   113 |    75 |     5 |       ||   710
       Mephitic Cloud    |       |       |     1 |    11 |     3 |     4 |     3 |     1 |       ||    23
       Poisonous Vapours |       |       |       |    72 |   180 |   111 |   233 |   219 |    46 ||   861
       Ignite Poison     |       |       |       |    54 |   197 |    97 |   157 |   178 |    33 ||   716
       Olgreb's Toxic Ra |       |       |       |    27 |   127 |    47 |    59 |   146 |    17 ||   423
       Lightning Bolt    |       |       |       |       |     6 |    77 |    23 |     9 |    13 ||   128
       Freezing Cloud    |       |       |       |       |     4 |    71 |     7 |     5 |     1 ||    88
       Iskenderun's Myst |       |       |       |       |       |    78 |    55 |    29 |    21 ||   183
       Orb of Destructio |       |       |       |       |       |   128 |   129 |   134 |   347 ||   738
       Spellforged Servi |       |       |       |       |       |    17 |    43 |    23 |    28 ||   111
       Irradiate         |       |       |       |       |       |       |    17 |    61 |    92 ||   170
       Momentum Strike   |       |       |       |       |       |       |       |     1 |       ||     1
       Chain Lightning   |       |       |       |       |       |       |       |       |   307 ||   307
       Maxwell's Capacit |       |       |       |       |       |       |       |       |    58 ||    58
Evoke: Wand              |       |       |     3 |     7 |     7 |     5 |     1 |       |     1 ||    24
       Tin of tremorston |       |       |       |       |     1 |     3 |     1 |     2 |     1 ||     8
       Condenser vane    |       |       |       |       |       |     1 |     1 |     2 |     1 ||     5
  Use: Potion            |     1 |       |       |     1 |     5 |     2 |     2 |       |    12 ||    23
       Scroll            |       |     5 |     1 |    11 |    12 |     4 |     4 |     1 |    18 ||    56
 Stab: Sleeping          |       |       |       |     1 |       |       |       |     2 |       ||     3
Armor: Robe              |     7 |     5 |     7 |    10 |       |       |    15 |    23 |    38 ||   105
       Swamp dragon scal |       |       |       |     2 |    96 |    81 |    17 |       |       ||   196
Dodge: Dodged            |    11 |    24 |    30 |    62 |   170 |   160 |   100 |   172 |   265 ||   994
Block: Buckler           |       |       |       |     3 |    73 |    85 |    18 |       |       ||   179
       Kite shield       |       |       |       |       |       |       |    61 |   159 |   156 ||   376
       Reflection        |       |       |       |       |       |       |    16 |    50 |     5 ||    71

Table legend: (Time is in decaauts)
 A = Elapsed time spent in this place.
 B = Non-inter-level travel time spent in this place.
 C = Inter-level travel time spent in this place.
 D = Time resting spent in this place.
 E = Time spent auto-exploring this place.
 F = Levels seen in this place.
 G = Mean time per level.
                   A        B        C        D        E       F      G
               +--------+--------+--------+--------+--------+-----+--------+
         Total | 110936 | 101363 |   9573 |  45902 |  36770 |  61 | 1818.6 |
       Dungeon |  28708 |  25408 |   3300 |  10957 |  10537 |  15 | 1913.9 |
        Temple |    181 |    150 |     31 |      0 |    141 |   1 |  181.0 |
          Lair |  10644 |   9287 |   1357 |   4115 |   3770 |   5 | 2128.8 |
         Swamp |   7082 |   6836 |    246 |   3417 |   2088 |   4 | 1770.5 |
     Snake Pit |  10791 |  10195 |    596 |   5163 |   3351 |   4 | 2697.8 |
    Slime Pits |   3743 |   3602 |    141 |   2246 |    553 |   5 |  748.6 |
  Orcish Mines |   3052 |   2790 |    262 |   1043 |   1326 |   2 | 1526.0 |
   Elven Halls |   6604 |   6040 |    564 |   2272 |   2277 |   3 | 2201.3 |
        Vaults |   9217 |   8018 |   1199 |   2910 |   3185 |   5 | 1843.4 |
         Crypt |   6460 |   6181 |    279 |   2679 |   2708 |   3 | 2153.3 |
        Depths |   9484 |   8748 |    736 |   4012 |   3250 |   4 | 2371.0 |
           Zot |   8340 |   7481 |    859 |   3249 |   2478 |   5 | 1668.0 |
        Bazaar |     74 |     74 |      0 |      0 |     38 |   1 |   74.0 |
        Bailey |   1579 |   1579 |      0 |    974 |    283 |   1 | 1579.0 |
      Ice Cave |    852 |    852 |      0 |    361 |    225 |   1 |  852.0 |
    Desolation |   2925 |   2925 |      0 |   1873 |    247 |   1 | 2925.0 |
      Gauntlet |   1194 |   1194 |      0 |    625 |    307 |   1 | 1194.0 |
               +--------+--------+--------+--------+--------+-----+--------+

Top non-repeatable levels by time:
 Snake:4: 3772 daAuts
    D:10: 3204 daAuts
 Snake:3: 3130 daAuts
   Elf:3: 3114 daAuts
  Lair:5: 3061 daAuts
     D:8: 2972 daAuts
Depths:4: 2930 daAuts
Desolation: 2925 daAuts
 Crypt:3: 2783 daAuts
Vaults:1: 2672 daAuts
   Zot:2: 2594 daAuts
Vaults:3: 2484 daAuts
   Zot:5: 2446 daAuts
     D:3: 2442 daAuts
Vaults:2: 2438 daAuts
